 Dungeon Crawl Stone Soup version 0.31.0-11-ge490571c62 (webtiles) character file.

Game seed: 2440260868235220121

53 browni3141 the Shield-Bearer (level 3, -10/33 HPs)
             Began as a Minotaur Fighter on Jan 27, 2024.
             Mangled by an ogre
             ... wielding a +0 giant spiked club
              (20 damage)
             ... on level 4 of the Dungeon.
             The game lasted 00:00:31 (376 turns).

browni3141 the Shield-Bearer (Minotaur Fighter)      Turns: 376, Time: 00:00:31

Health: -10/33     AC:  7    Str: 22    XL:     3   Next: 62%
Magic:  2/2        EV:  9    Int:  5    God:
Gold:   42         SH:  4    Dex:  9    Spells: 2/2 levels left

rFire   . . .        a - +0 war axe
rCold   . . .        c - +0 buckler
rNeg    . . .        b - +0 scale mail
rPois   .            (helmet restricted)
rElec   .            (no cloak)
rCorr   .            (no gloves)
SInv    .            (no boots)
Will    .....        (no amulet) Stlth
                     (no ring)
HPRegen 0.25/turn    (no ring)
MPRegen 0.08/turn

%: no passive effects
@: no status effects
A: horns 2, retaliatory headbutt
a: no special abilities


You were on level 4 of the Dungeon.
You visited 1 branch of the dungeon, and saw 4 of its levels.

You collected 42 gold pieces.

Inventory:

Hand Weapons
 a - a +0 war axe (weapon)
Armour
 b - a +0 scale mail (worn)
 c - a +0 buckler (worn)
Scrolls
 e - a scroll of identify {unknown}
 f - a scroll of noise {unknown}
Potions
 d - a potion of might
 g - a potion of magic {unknown}


   Skills:
 + Level 4.1 Fighting
 * Level 3.6 Axes
 + Level 4.1 Armour
 + Level 4.1 Shields


You had 2 spell levels left.
You didn't know any spells.
Your spell library was empty.

Dungeon Overview and Level Annotations

Branches:
Dungeon (4/15)
 Temple: D:4-7

Altars:


Innate Abilities, Weirdness & Mutations

You have a pair of horns on your head.
You reflexively headbutt those who attack you in melee.


Message History

You kill the endoplasm!
No target in view!
There is a stone staircase leading down here.
You climb downwards.
There is a stone staircase leading up here.
You open the door.
A ribbon worm and an adder come into view.
The adder hisses angrily.
The ribbon worm expels a string of sticky webbing.
The stream of webbing hits you but does no damage.
You are caught in a web!
There are monsters nearby!
There are monsters nearby!
There are monsters nearby!
The web tears apart.
There is an open door here.
You slash the adder!
You kill the adder!
Your Axes skill increases to level 3!
You slash the ribbon worm! You headbutt the ribbon worm.
You kill the ribbon worm!
You hear a shout!
No target in view!
A kobold comes into view. It is wielding a +0 dagger.
You barely miss the kobold.
The kobold hits you but does no damage. x2
You slash the kobold!
You kill the kobold!
Found an escape hatch in the floor.
Found a stone staircase leading up.
f - a scroll labelled LETAPLALUO
Found a stone staircase leading down.
No target in view!
No target in view!
Found a stone staircase leading up.
No target in view!
g - a glowing red potion An endoplasm comes into view.
The endoplasm quivers.
An endoplasm is nearby!
An endoplasm is nearby!
An endoplasm is nearby!
An endoplasm is nearby!
You hit the endoplasm.
The endoplasm is heavily wounded.
The endoplasm barely misses you.
You hit the endoplasm.
The endoplasm is severely wounded.
You block the endoplasm's attack.
You hit the endoplasm. You headbutt the endoplasm.
You kill the endoplasm!
There is a stone staircase leading down here.
You climb downwards.
There is a stone staircase leading up here.
A sleepcap is nearby!
A sleepcap is nearby!
A sleepcap is nearby!
You hit the sleepcap.
You headbutt the sleepcap, but do no damage.
The sleepcap is moderately damaged.
The sleepcap releases spores at you.
You are engulfed in a cloud of soporific spores!
You fall asleep.
The sleepcap releases spores at you!
You wake up.
You are engulfed in a cloud of soporific spores!
You are unaffected.
You hit the sleepcap. You headbutt the sleepcap.
The sleepcap is moderately damaged.
The sleepcap releases spores at you but does no damage.
You hit the sleepcap but do no damage.
The sleepcap is moderately damaged.
The sleepcap releases spores at you.
You are engulfed in a cloud of soporific spores!
You are unaffected.
The sleepcap releases spores at you.
You slash the sleepcap!
The sleepcap is severely damaged.
The sleepcap releases spores at you but does no damage.
You hit the sleepcap but do no damage.
The sleepcap is severely damaged.
The sleepcap barely misses you. You block the sleepcap's attack.
You slash the sleepcap!
You destroy the sleepcap!
Your Fighting skill increases to level 4!
Your Armour skill increases to level 4!
Your Shields skill increases to level 4!
You have reached level 3!
Your experience leads to an increase in your attributes!
Increase (S)trength, (I)ntelligence, or (D)exterity?
You feel stronger. x2
A goblin comes into view. It is wielding a +0 club.
A goblin is nearby!
A goblin is nearby!
A goblin is nearby!
A goblin is nearby!
The goblin shouts!
An ogre comes into view. It is wielding a +0 giant spiked club.
You slash the goblin!
You kill the goblin!
You barely miss the ogre. Your headbutt misses the ogre.
The ogre hits you with a +0 giant spiked club!!
Ouch! That really hurt!
You die...

... #.##
#..##
#...###
......
#...#
#O.# #@#
#.# #.#
#.# #.#
#<#
#.......#
#.#.###.#
#.#.#


You could see an ogre.

Vanquished Creatures
  A sleepcap (D:4)
  An adder (D:3)
  A ribbon worm (D:3)
  5 endoplasms
  A hobgoblin (D:2)
  2 kobolds
  2 bats (D:1)
  A goblin (D:4)
  2 rats (D:2)
16 creatures vanquished.

Notes
Turn   | Place    | Note
-------+----------+-------------------------------------------
     0 | D:1      | browni3141 the Minotaur Fighter began the quest for the
                  | Orb.
     0 | D:1      | Reached XP level 1. HP: 19/19 MP: 0/0
   113 | D:2      | Reached XP level 2. HP: 22/27 MP: 1/1
   361 | D:4      | Reached XP level 3. HP: 6/33 MP: 2/2
   372 | D:4      | Noticed an ogre
   376 | D:4      | Mangled by an ogre

Illustrated notes

Levels and vault maps discovered:
D:1:      grunt_arrival_lava_bath, layout_loops_ring, serial_rivers,
          chequers_serial_rivers_small_b, chequers_serial_rivers_micro_a,
          chequers_serial_rivers_room_b, chequers_serial_rivers_room_b,
          grunt_decor_resistance
D:2:      layout_basic, serial_shops, shop, corexii_shack
D:3:      layout_loops_ring, dreamdust_princess_corridor,
          kennysheep_small_spiral, grunt_ministairs_6, minivault_11,
          kennysheep_cluttered_room, goddamned_bats
D:4:      layout_loops_corners, lemuel_crystal_altar

Skill      XL: |  1  2 |
---------------+-------+-----
Axes           | 3 |  3.6
Fighting       | 4 |  4.1
Armour         | 4 |  4.1
Shields        | 4 |  4.1

Action                     || total
---------------------------++-------
  Melee: War axe           ||    33
         Headbutt          ||     7
 Armour: Scale mail        ||    17
  Dodge: Dodged            ||     9
  Block: Buckler           ||     6
